 Dungeon Crawl Stone Soup version 0.28-a0-622-gbaef9634d7 (webtiles) character file.

Game seed: 6351538650383724802

3091 sleeves the Carver (level 9, -9/68 HPs)
             Began as a Demonspawn Fighter on Oct 7, 2021.
             Was an Elder of Ru.
             Mangled by an orc warrior (10 damage)
             ... in a bailey.
             The game lasted 00:13:06 (8242 turns).

sleeves the Carver (Demonspawn Fighter)             Turns: 8242, Time: 00:13:06

Health: -9/68      AC: 18    Str: 21    XL:     9   Next: 59%
Magic:  9/9        EV:  9    Int: 15    God:    Ru [****..]
Gold:   300        SH:  9    Dex: 14    Spells: 8/8 levels left

rFire   . . .      SeeInvis .   a - +0 long sword
rCold   + . .      Faith    .   c - +0 buckler
rNeg    . . .      Spirit   .   b - +0 scale mail
rPois   .          Reflect  .   s - +1 helmet of Ugiulyrch {rC+ Str+2}
rElec   .          Harm     .   l - +0 cloak
rCorr   .          Rampage  .   t - +1 pair of gloves
Will    +....                   x - +0 pair of boots
Stlth   ..........              v - amulet of magic regeneration
HPRegen 0.21/turn               g - +6 ring of intelligence
MPRegen 0.36/turn               w - ring of willpower

@: no status effects
A: icemail 1, inability to use devices, hated by all, no conjurations magic, no
hexes magic, no ice magic, condensation shield, demonic touch 1
a: Renounce Religion, Draw Out Power, Power Leap


You were in a bailey.
You worshipped Ru.
Ru was greatly pleased with you.
You visited 1 branch of the dungeon, and saw 7 of its levels.
You also visited: Bailey.

You collected 300 gold pieces.

Inventory:

Hand Weapons
 a - a +0 long sword (weapon)
Armour
 b - a +0 scale mail (worn)
 c - a +0 buckler (worn)
 l - a +0 cloak (worn)
   (You found it on level 3 of the Dungeon)
 s - the +1 helmet of Ugiulyrch (worn) {rC+ Str+2}
   (You found it on level 5 of the Dungeon)

   Str:       It affects your strength (+2).
   rC:        It protects you from cold.
 t - a +1 pair of gloves (worn)
   (You found it on level 6 of the Dungeon)
 x - a +0 pair of boots (worn)
   (You found it on level 7 of the Dungeon)
Magical Staves
 j - a staff of poison
   (You found it on level 2 of the Dungeon)
Jewellery
 g - a +6 ring of intelligence (left hand)
   (You found it on level 1 of the Dungeon)
 v - an amulet of magic regeneration (around neck)
   (You found it on level 6 of the Dungeon)
 w - a ring of willpower (right hand)
   (You found it on level 6 of the Dungeon)
Scrolls
 f - 4 scrolls of identify {unknown}
 h - 4 scrolls of teleportation {unknown}
 i - a scroll of vulnerability {unknown}
 n - a scroll of fear {unknown}
 p - a scroll of amnesia {unknown}
 q - a scroll of holy word {unknown}
 u - a scroll of summoning {unknown}
 y - a scroll of magic mapping {unknown}
 z - 2 scrolls of acquirement
 B - a scroll of enchant armour {unknown}
 C - a scroll of fog {unknown}
Potions
 e - 3 potions of curing
 o - a potion of berserk rage {unknown}


   Skills:
 + Level 5.3 Fighting
 + Level 10.9 Long Blades
 + Level 4.4 Armour
 - Level 4.0 Shields


You had 8 spell levels left.
You didn't know any spells.
Your spell library contained the following spells:

 Spells                   Type           Power      Damage    Failure   Level
 Sting                    Tmut/Pois      0%         1d3       56%         1
 Poisonous Vapours        Pois/Air       0%         N/A       71%         2
 Olgreb's Toxic Radiance  Pois           0%         N/A       100%        4
 Foxfire                  Conj/Fire      Unusable   2x1d4     N/A         1
 Conjure Flame            Conj/Fire      Unusable   6-21      N/A         3
 Inner Flame              Hex/Fire       Unusable   N/A       N/A         3
 Flame Wave               Conj/Fire      Unusable   3d3       N/A         4

Dungeon Overview and Level Annotations

Branches:
Dungeon (7/15)             Temple (0/1) D:6          Bailey (1/1)

Altars:
Elyvilon
Kikubaaqudgha
Makhleb
Nemelex Xobeh
Ru
Uskayaw
Xom
Zin

Shops:
D:3 =[=*

Annotations:
D:3 Sigmund
D:5 3 runed translucent doors, SirDiesAlot's ghost, weakling MiDe


Innate Abilities, Weirdness & Mutations

A meltable icy envelope protects you from harm. (AC +4)
You cannot study or use magical devices.
You are hated by all.
You cannot study or cast Conjurations magic.
You cannot study or cast Hexes magic.
You cannot study or cast Ice magic.
A meltable shield of frost defends you. (SH +4)
Your touch may inflict minor irresistible damage on your foes.


Message History

A goblin comes into view. It is wielding a +0 war axe.
The gnoll hits you but does no damage.
There is an open door here.
You slash the gnoll!
The gnoll is almost dead.
An orc warrior comes into view. It is wielding a +0 hand axe.
The gnoll hits you with a +0 hand axe.
You hit the hobgoblin but do no damage.
The hobgoblin hits you with a +0 hand axe.
You focus your inner power and blind the hobgoblin in retribution!
You hit the hobgoblin.
The hobgoblin is severely wounded.
You block the hobgoblin's attack.
Things that are here:
a +0 hand axe; a +0 leather armour You barely miss the hobgoblin.
The hobgoblin is severely wounded.
The hobgoblin closely misses you.
You hit the hobgoblin but do no damage.
The hobgoblin is severely wounded.
The hobgoblin is no longer blind.
The hobgoblin hits you but does no damage.
You closely miss the hobgoblin.
The hobgoblin is severely wounded.
The hobgoblin hits you with a +0 hand axe.
You hit the hobgoblin.
You kill the hobgoblin!
The gnoll barely misses you.
You slash the gnoll!
You kill the gnoll!
The gnoll hits you but does no damage.
You hit the gnoll.
The gnoll is moderately wounded.
You block the orc's attack. The gnoll hits you but does no damage.
There is an open gate here.
You hit the gnoll but do no damage.
The gnoll is moderately wounded.
The orc is stunned by your conviction and fails to attack.
You block the gnoll's attack.
You hit the gnoll.
The gnoll is severely wounded.
The orc barely misses you. The gnoll barely misses you.
The orc hits you but does no damage.
You barely miss the gnoll.
The gnoll is severely wounded.
The orc hits you but does no damage. The gnoll hits you but does no damage.
You block the orc's attack.
You barely miss the gnoll.
The gnoll is severely wounded.
The orc closely misses you.
The gnoll is stunned by your conviction and fails to attack.
You block the orc's attack.
You hit the gnoll.
You kill the gnoll!
The orc hits you but does no damage.
You redirect the orc's attack!
The orc closely misses itself.
You slash the orc warrior!
The orc warrior is heavily wounded.
The orc warrior closely misses you. The orc closely misses you.
The orc hits you but does no damage. The goblin hits you but does no damage.
You hit the orc warrior.
The orc warrior is heavily wounded.
The orc warrior hits you but does no damage.
The orc hits you but does no damage. You block the orc's attack.
You hit the orc warrior.
The orc warrior is severely wounded.
You block the goblin's attack. You block the orc warrior's attack.
The orc hits you with a +0 hand axe. x2
You hit the orc warrior but do no damage.
The orc warrior is severely wounded.
You block the goblin's attack.
The orc warrior hits you with a +0 hand axe!
The orc hits you but does no damage. The orc closely misses you.
You slash the orc warrior!
You kill the orc warrior!
The orc hits you but does no damage. You block the goblin's attack.
The orc hits you but does no damage.
A hobgoblin comes into view. It is wielding a +0 hand axe.
The orc closely misses you.
You have reached level 9!
Your experience leads to an increase in your attributes!
Your base attributes are Str 18, Int 9, Dex 14.
Increase (S)trength, (I)ntelligence, or (D)exterity?
You feel stronger.
The hobgoblin shouts!
You hit the goblin.
The goblin is moderately wounded.
The orc hits you with a +0 hand axe. The goblin closely misses you.
The orc hits you with a +0 hand axe.
* * * LOW HITPOINT WARNING * * *
You barely miss the goblin.
The goblin is moderately wounded.
The orc closely misses you. You block the orc's attack.
The goblin barely misses you. The orc closely misses you.
You slash the goblin!
You kill the goblin!
The orc completely misses you. The orc hits you but does no damage.
The orc completely misses you.
You hit the orc.
The orc is lightly wounded.
You block the orc's attack. x2; The gnoll hits you but does no damage.
You hit the orc.
The orc is almost dead.
You block the orc's attack. The orc barely misses you.
You block the orc's attack.
You closely miss the orc.
The orc is almost dead.
The gnoll misses you.
You redirect the orc's attack!
The orc hits itself but does no damage.
You redirect the orc's attack!
The orc hits itself with a +0 hand axe!
The orc dies!
The orc closely misses you.
You catch the helpless orc completely off-guard!
You slash the orc!
You kill the orc!
The gnoll misses you. You block the orc's attack.
You hit the orc but do no damage. The gnoll closely misses you.
You block the hobgoblin's attack.
You hit the orc.
The orc is severely wounded.
The orc barely misses you. The gnoll hits you but does no damage.
The hobgoblin hits you but does no damage.
A hobgoblin comes into view. It is wielding a +0 hand axe.
You hit the orc.
You kill the orc!
The gnoll hits you but does no damage.
The hobgoblin hits you but does no damage.
You closely miss the gnoll. You block the gnoll's attack.
The hobgoblin hits you with a +0 hand axe!
* * * LOW HITPOINT WARNING * * *
You closely miss the hobgoblin. The gnoll hits you with a +0 hand axe.
* * * LOW HITPOINT WARNING * * *
You block the hobgoblin's attack.
You hit the gnoll but do no damage. The gnoll hits you with a +0 hand axe.
* * * LOW HITPOINT WARNING * * *
You hit the gnoll but do no damage. The hobgoblin closely misses you.
You hit the gnoll but do no damage. You block the gnoll's attack.
The hobgoblin completely misses you.
You barely miss the gnoll. You block the gnoll's attack.
The hobgoblin hits you but does no damage.
You hit the gnoll.
The gnoll is lightly wounded.
You block the gnoll's attack. You block the hobgoblin's attack.
The hobgoblin completely misses you.
You hit the gnoll.
The gnoll is moderately wounded.
The gnoll hits you but does no damage.
The hobgoblin is stunned by your conviction and fails to attack.
You block the hobgoblin's attack.
You barely miss the gnoll.
The gnoll is moderately wounded.
You block the gnoll's attack. You block the hobgoblin's attack.
The hobgoblin hits you but does no damage.
You hit the gnoll.
The gnoll is heavily wounded.
The gnoll hits you but does no damage.
The hobgoblin hits you with a +0 hand axe.
* * * LOW HITPOINT WARNING * * *
You are too injured to fight recklessly!
You hit the gnoll.
The gnoll is severely wounded.
The hobgoblin barely misses you. You block the gnoll's attack.
The hobgoblin barely misses you.
You barely miss the gnoll.
The gnoll is severely wounded.
You block the hobgoblin's attack. The gnoll hits you but does no damage.
You hit the gnoll.
You kill the gnoll!
The hobgoblin hits you with a +0 hand axe.
* * * LOW HITPOINT WARNING * * *
The hobgoblin hits you but does no damage.
You barely miss the hobgoblin. The hobgoblin barely misses you.
You block the hobgoblin's attack.
You slash the hobgoblin!
You kill the hobgoblin!
The hobgoblin is stunned by your conviction and fails to attack.
You hit the hobgoblin.
You kill the hobgoblin!
Items here: ))) [[[ ††.
You start resting.
A hobgoblin comes into view. It is wielding a +0 war axe.
You start resting.
A hobgoblin is nearby!
The hobgoblin shouts!
You slash the hobgoblin!
You kill the hobgoblin!
Things that are here:
a +0 war axe; a +0 leather armour; a hobgoblin corpse
Items here: ))) [[[ ††.
You close the gate, pushing everything out of the way.
Items here: ))) [[[[ ††.
Things that are here:
a +0 war axe; a +0 leather armour; a hobgoblin corpse You start resting.
Something unseen opens the gate.
An orc comes into view. It is wielding a +0 hand axe.
An orc is nearby!
The orc shouts!
You barely miss the orc. The orc closely misses you.
You barely miss the orc.
You redirect the orc's attack!
The orc hits itself with a +0 hand axe.
You slash the orc!
You kill the orc!
Items here: )) [[ †.
Items here: ))) [[[[ ††.
As you close the gate, it creaks loudly!
You start resting.
HP restored.
Items here: ))) [[[ ÷.
Items here: ))) [[[ ÷÷.
Things that are here:
a +0 hand axe; a +0 ring mail; an orc skeleton
There is a gate leading back out of this place, spattered with blood here.
Things that are here:
a +0 hand axe; a +0 leather armour; an orc skeleton
Things that are here:
a +0 hand axe; a +0 ring mail; an orc skeleton
Items here: ))) [[[ ÷÷.
As you open the gate, it creaks loudly!
You hear a shout! x2
There is an open gate here.
A goblin and a hobgoblin come into view.
The hobgoblin shouts!
You hear a shout!
You see here a +0 hand axe.
There are monsters nearby!
There are monsters nearby!
A hobgoblin comes into view. It is wielding a +0 war axe.
Things that are here:
a +0 hand axe; a +0 leather armour You hit the goblin.
The goblin is moderately wounded.
You slash the goblin!
You kill the goblin!
You slash the hobgoblin!
You kill the hobgoblin!
You block the hobgoblin's attack.
Things that are here:
a +0 hand axe; a +0 leather armour You closely miss the hobgoblin.
The hobgoblin closely misses you.
Your shield prevents you from hitting the hobgoblin.
The hobgoblin barely misses you.
You slash the hobgoblin!
You kill the hobgoblin!
No target in view!
Things that are here:
a +0 hand axe; a +0 leather armour; a hobgoblin corpse
z - a scroll labelled HUGETI ASKUSM
Things that are here:
a +0 war axe; a +0 leather armour
Things that are here:
a +0 hand axe; a +0 leather armour
Items here: )) [[ ÷.
You open the door.
A goblin comes into view. It is wielding a +0 hand axe.
The goblin shouts!
A goblin comes into view. It is wielding a +0 hand axe.
A hobgoblin comes into view. It is wielding a +0 war axe.
A goblin comes into view. It is wielding a +0 hand axe.
A gnoll comes into view. It is wielding a +0 hand axe.
There is an open door here.
A hobgoblin comes into view. It is wielding a +0 hand axe.
The hobgoblin shouts!
You hear a shout! x3
The hobgoblin closely misses you.
You slash the hobgoblin!
You kill the hobgoblin!
A hobgoblin comes into view. It is wielding a +0 hand axe.
The goblin completely misses you.
You hit the goblin but do no damage. You block the goblin's attack.
You slash the goblin!
You kill the goblin!
A gnoll comes into view. It is wielding a +0 war axe.
You barely miss the goblin.
The gnoll shouts!
You hear a shout!
You block the goblin's attack.
The hobgoblin hits you but does no damage.
You slash the goblin!
You kill the goblin!
You hit the hobgoblin but do no damage. You block the hobgoblin's attack.
You hit the hobgoblin.
The hobgoblin is moderately wounded.
You closely miss the hobgoblin.
The hobgoblin is moderately wounded.
The hobgoblin hits you with a +0 hand axe.
You block the gnoll's attack.
You slash the hobgoblin!
You kill the hobgoblin!
The gnoll hits you but does no damage.
You completely miss the gnoll. You hit the gnoll.
The gnoll is moderately wounded.
The gnoll is stunned by your conviction and fails to attack.
You hit the gnoll.
The gnoll is heavily wounded.
The gnoll is stunned by your conviction and fails to attack.
The hobgoblin hits you with a +0 war axe.
You focus your inner power and illuminate the hobgoblin in retribution!
You hit the gnoll.
The gnoll is severely wounded.
The gnoll hits you with a +0 war axe. The hobgoblin misses you.
You closely miss the gnoll.
The gnoll is severely wounded.
The gnoll hits you but does no damage.
The hobgoblin hits you but does no damage.
You slash the gnoll!
You kill the gnoll!
The hobgoblin stops glowing.
The hobgoblin closely misses you.
You slash the hobgoblin!
You kill the hobgoblin!
No target in view!
No target in view!
No target in view!
No target in view!
No target in view!
No target in view!
Items here: ))) [[[.
Things that are here:
a +0 hand axe; a +0 leather armour
Things that are here:
a +0 hand axe; a +0 leather armour
Items here: ))) [[[.
Things that are here:
a +0 war axe; a +0 leather armour; a gnoll corpse No target in view!
Things that are here:
a +0 hand axe; a +0 leather armour
Things that are here:
a +0 hand axe; a +0 leather armour The goblin shouts!
You hear a shout!
There is an open door here.
A goblin is nearby!
A goblin is nearby!
A gnoll comes into view. It is wielding a +0 war axe.
The gnoll shouts! x2
A goblin comes into view. It is wielding a +0 hand axe.
The goblin shouts!
You hear a shout! x2
The goblin barely misses you.
You hit the gnoll.
The gnoll is moderately wounded.
The gnoll barely misses you. You block the goblin's attack.
You closely miss the gnoll.
The gnoll is moderately wounded.
You block the gnoll's attack. The goblin hits you but does no damage.
You hit the gnoll.
The gnoll is heavily wounded.
The gnoll hits you but does no damage. The goblin hits you but does no damage.
You slash the gnoll!
You kill the gnoll!
You block the gnoll's attack. The goblin closely misses you.
There is an open door here.
Things that are here:
a +0 hand axe; a +0 leather armour You slash the gnoll!
The gnoll is severely wounded.
A goblin comes into view. It is wielding a +0 hand axe.
The gnoll hits you but does no damage.
You closely miss the gnoll.
The gnoll is severely wounded.
The goblin shouts!
You hear a shout!
The gnoll hits you with a +0 hand axe.
You barely miss the gnoll.
The gnoll is severely wounded.
You block the gnoll's attack.
You hit the gnoll.
The gnoll is almost dead.
You block the gnoll's attack.
You closely miss the gnoll.
The gnoll is almost dead.
You block the gnoll's attack.
You hit the gnoll but do no damage.
The gnoll is almost dead.
You slash the gnoll!
You kill the gnoll!
You slash the goblin!
You kill the goblin!
You slash the goblin!
You kill the goblin!
You slash the goblin!
You kill the goblin!
No target in view!
No target in view!
No target in view!
No target in view!
No target in view!
No target in view!
No target in view!
No target in view!
No target in view!
No target in view!
No target in view!
No target in view!
No target in view!
No target in view!
No target in view!
No target in view!
No target in view!
No target in view!
No target in view!
There is an open door, spattered with blood here.
Items here: )))) [[[[ †.
A hobgoblin comes into view. It is wielding a +0 hand axe.
A hobgoblin is nearby!
A hobgoblin is nearby!
A hobgoblin is nearby!
The hobgoblin shouts!
You hear a shout!
There is a fountain of clear blue water here.
You hit the hobgoblin but do no damage.
A goblin comes into view. It is wielding a +0 hand axe.
You hit the hobgoblin.
You kill the hobgoblin!
A hobgoblin comes into view. It is wielding a +0 war axe.
The hobgoblin shouts!
You hear a shout! x2
A hobgoblin comes into view. It is wielding a +0 hand axe.
The goblin is stunned by your conviction and fails to attack.
A gnoll comes into view. It is wielding a +0 war axe.
The hobgoblin shouts!
You hit the goblin but do no damage. You block the goblin's attack.
You hit the goblin.
The goblin is heavily wounded.
You block the goblin's attack.
You slash the goblin!
You kill the goblin!
A goblin comes into view. It is wielding a +0 hand axe. x2
A goblin comes into view. It is wielding a +0 war axe.
The goblin shouts!
Things that are here:
a +0 hand axe; a +0 leather armour; a goblin corpse You barely miss the hobgoblin.
The hobgoblin hits you but does no damage.
You hit the hobgoblin but do no damage. You block the hobgoblin's attack. x2
There are monsters nearby!
There are monsters nearby!
You slash the hobgoblin!
You kill the hobgoblin!
You block the hobgoblin's attack.
You barely miss the gnoll.
The hobgoblin is stunned by your conviction and fails to attack.
The gnoll hits you but does no damage.
You hit the gnoll.
The gnoll is moderately wounded.
An orc comes into view. It is wielding a +0 hand axe.
The hobgoblin is stunned by your conviction and fails to attack.
You closely miss the gnoll.
The gnoll is moderately wounded.
The orc shouts!
You block the gnoll's attack. The goblin hits you but does no damage.
The hobgoblin hits you but does no damage.
You slash the gnoll!
The gnoll is severely wounded.
The gnoll completely misses you.
You redirect the goblin's attack!
The goblin hits itself with a +0 hand axe.
A gnoll comes into view. It is wielding a +0 hand axe.
The hobgoblin hits you but does no damage.
The gnoll shouts!
You hit the gnoll but do no damage.
The gnoll is severely wounded.
You hear a shout!
You block the gnoll's attack. The goblin hits you but does no damage.
You slash the gnoll!
You kill the gnoll!
The hobgoblin hits you but does no damage.
You block the goblin's attack. The goblin closely misses you.
You slash the goblin!
You kill the goblin!
You block the hobgoblin's attack.
You slash the goblin!
You kill the goblin!
The goblin closely misses you.
The hobgoblin hits you but does no damage.
You slash the orc!
You kill the orc!
The goblin closely misses you.
The hobgoblin hits you with a +0 hand axe.
You closely miss the goblin. You block the goblin's attack.
You redirect the hobgoblin's attack!
The hobgoblin hits the goblin with a +0 hand axe.
The hobgoblin hits you but does no damage.
You slash the goblin!
You kill the goblin!
You block the hobgoblin's attack.
You slash the gnoll!
The gnoll is heavily wounded.
The hobgoblin is stunned by your conviction and fails to attack.
The gnoll barely misses you.
You closely miss the gnoll.
The gnoll is heavily wounded.
The hobgoblin is stunned by your conviction and fails to attack.
You hit the gnoll but do no damage.
The gnoll is heavily wounded.
The gnoll hits you but does no damage. You block the hobgoblin's attack.
You hit the gnoll.
The gnoll is severely wounded.
The gnoll hits you but does no damage.
You barely miss the gnoll.
The gnoll is severely wounded.
The hobgoblin hits you with a +0 hand axe!
The gnoll closely misses you.
You closely miss the gnoll.
The gnoll is severely wounded.
You block the hobgoblin's attack. The gnoll hits you but does no damage.
You hit the gnoll.
You kill the gnoll!
The hobgoblin hits you but does no damage.
You hit the hobgoblin.
The hobgoblin is severely wounded.
The hobgoblin barely misses you.
You barely miss the hobgoblin.
The hobgoblin is severely wounded.
You redirect the hobgoblin's attack!
The hobgoblin barely misses itself.
You closely miss the hobgoblin.
The hobgoblin is severely wounded.
The hobgoblin hits you but does no damage.
You hit the hobgoblin.
You kill the hobgoblin!
No target in view!
An orc warrior comes into view. It is wielding a +0 war axe.
An orc warrior is nearby!
An orc warrior is nearby!
An orc warrior is nearby!
Things that are here:
a +0 hand axe; a +0 leather armour
There is an open door, spattered with blood here.
Items here: )))) [[[[ †.
Things that are here:
a +0 hand axe; a +0 leather armour You hit the orc warrior but do no damage.
You block the orc warrior's attack.
You barely miss the orc warrior. You block the orc warrior's attack.
You slash the orc warrior!
The orc warrior is moderately wounded.
You closely miss the orc warrior.
The orc warrior is moderately wounded.
You block the orc warrior's attack.
You closely miss the orc warrior.
The orc warrior is moderately wounded.
You block the orc warrior's attack.
You hit the orc warrior.
The orc warrior is heavily wounded.
The orc warrior hits you with a +0 war axe.
You completely miss the orc warrior.
The orc warrior is heavily wounded.
You block the orc warrior's attack.
You hit the orc warrior but do no damage.
The orc warrior is heavily wounded.
You block the orc warrior's attack.
You closely miss the orc warrior.
The orc warrior is heavily wounded.
The orc warrior hits you with a +0 war axe!
You barely miss the orc warrior.
The orc warrior is heavily wounded.
You block the orc warrior's attack.
You hit the orc warrior.
The orc warrior is heavily wounded.
The orc warrior hits you but does no damage.
You hit the orc warrior.
The orc warrior is severely wounded.
You completely miss the orc warrior.
The orc warrior is severely wounded.
The orc warrior hits you but does no damage.
You completely miss the orc warrior.
The orc warrior is severely wounded.
The orc warrior hits you with a +0 war axe!
You are too injured to fight recklessly!
You are too injured to fight recklessly!
You are too injured to fight recklessly!
You are too injured to fight recklessly!
You are too injured to fight recklessly!
You are too injured to fight recklessly!
You are too injured to fight recklessly!
You are too injured to fight recklessly!
You are too injured to fight recklessly!
You are too injured to fight recklessly!
You are too injured to fight recklessly!
You are too injured to fight recklessly!
You are too injured to fight recklessly!
You hit the orc warrior but do no damage.
The orc warrior is severely wounded.
You block the orc warrior's attack.
You hit the orc warrior but do no damage.
The orc warrior is severely wounded.
You block the orc warrior's attack.
You slash the orc warrior!
You kill the orc warrior!
There is an open door, spattered with blood here.
Items here: ))))) [[[[[ ††.
A goblin comes into view. It is wielding a +0 hand axe.
A goblin is nearby!
The goblin shouts!
You hit the goblin.
The goblin is heavily wounded.
The goblin hits you but does no damage.
You closely miss the goblin.
The goblin is heavily wounded.
The goblin hits you but does no damage.
You slash the goblin!
You kill the goblin!
No target in view!
You start putting on your amulet.
You continue putting on your amulet of magic regeneration. x5
You finish putting on your amulet of magic regeneration.
v - an amulet of magic regeneration (around neck)
w - a ring of willpower (right hand)
An orc comes into view. It is wielding a +0 hand axe.
An orc is nearby!
An orc is nearby!
An orc is nearby!
The orc shouts!
Things that are here:
a +0 hand axe; a +0 leather armour You hit the orc but do no damage.
You hit the orc but do no damage. The orc hits you with a +0 hand axe.
You hit the orc.
The orc is heavily wounded.
The orc hits you but does no damage.
You hit the orc.
The orc is severely wounded.
The orc barely misses you.
You slash the orc!
You kill the orc!
No target in view!
No target in view!
Key pressed, stopping explore.
A goblin comes into view. It is wielding a +0 hand axe.
A goblin is nearby!
The goblin shouts!
Things that are here:
a +0 hand axe; a +0 leather armour You block the goblin's attack.
You closely miss the goblin. You hit the goblin.
You kill the goblin!
No target in view!
No target in view!
No target in view!
No target in view!
Things that are here:
a +0 hand axe; a +0 leather armour; a goblin corpse
Things that are here:
a +0 hand axe; a +0 leather armour; a goblin corpse
Things that are here:
a +0 war axe; a +0 leather armour
Things that are here:
a +0 hand axe; a +0 leather armour
Things that are here:
a +0 war axe; a +0 leather armour
Things that are here:
a +0 hand axe; a +0 leather armour; a goblin corpse
Things that are here:
a +0 hand axe; a +0 leather armour
Things that are here:
a +0 hand axe; a +0 leather armour A gnoll comes into view.
It is wielding a +0 war axe.
The gnoll shouts!
You hear a shout!
There is an open door, spattered with blood here.
Items here: )))))) [[[[[[ ÷ ††.
A gnoll is nearby!
A gnoll is nearby!
A gnoll is nearby!
You slash the gnoll!
The gnoll is severely wounded.
You block the gnoll's attack.
You hit the gnoll but do no damage.
The gnoll is severely wounded.
You block the gnoll's attack.
You closely miss the gnoll.
The gnoll is severely wounded.
You slash the gnoll!
You kill the gnoll!
No target in view!
No target in view!
No target in view!
No target in view!
z - 2 scrolls of acquirement (gained 1)
You now have 261 gold pieces (gained 11).
Things that are here:
a +0 war axe; a +3 leather armour
Things that are here:
a +0 war axe; a +0 leather armour
Things that are here:
a +0 hand axe; a +0 leather armour; a gnoll skeleton
Items here: ))) [[[ ÷÷÷.
Items here: )) [[ ÷.
Things that are here:
a +0 hand axe; a +0 leather armour
Things that are here:
a +0 hand axe; a +0 leather armour; a hobgoblin skeleton
Things that are here:
a +0 hand axe; a +0 leather armour
Items here: )) [[ ÷.
A hobgoblin comes into view. It is wielding a +0 war axe.
The hobgoblin shouts!
You hear a shout!
A hobgoblin comes into view. It is wielding a +0 hand axe.
You hear a shout!
There is an open door here.
There are monsters nearby!
There are monsters nearby!
You block the hobgoblin's attack.
You barely miss the hobgoblin. You closely miss the hobgoblin.
The hobgoblin hits you but does no damage.
An orc warrior comes into view. It is wielding a +0 battleaxe.
You slash the hobgoblin!
You kill the hobgoblin!
You hit the hobgoblin.
The hobgoblin is moderately wounded.
The hobgoblin closely misses you.
You hit the hobgoblin.
You kill the hobgoblin!
Items here: ! ) ? [.
There is an open door here.
Items here: ))) [[[ ÷÷÷.
You slash the orc warrior!
The orc warrior is moderately wounded.
You hit the orc warrior.
The orc warrior is heavily wounded.
The orc warrior hits you but does no damage.
You slash the orc warrior!
The orc warrior is severely wounded.
You block the orc warrior's attack.
You barely miss the orc warrior.
The orc warrior is severely wounded.
You block the orc warrior's attack.
You closely miss the orc warrior.
The orc warrior is severely wounded.
The orc warrior hits you with a +0 battleaxe.
You focus your inner power and illuminate the orc warrior in retribution!
You hit the orc warrior but do no damage.
The orc warrior is severely wounded.
You block the orc warrior's attack.
You slash the orc warrior!
You kill the orc warrior!
Your Fighting skill increases to level 4!
No target in view!
No target in view!
You now have 300 gold pieces (gained 39).
Items here: )))) [[[[ ÷÷÷.
There is an open door here.
A - a smoky ruby potion;
B - a scroll labelled SOCOP QOAMOAR
Things that are here:
a +0 hand axe; a +0 leather armour
C - a scroll labelled CACKET WIUCY
Things that are here:
a +0 war axe; a +0 leather armour; a hobgoblin corpse No target in view!
An orc warrior comes into view. It is wielding a +0 war axe.
The orc warrior shouts!
An orc warrior is nearby!
An orc warrior is nearby!
You hit the orc warrior but do no damage.
The orc warrior drinks a potion.
The orc warrior suddenly seems more resistant.
You closely miss the orc warrior. You block the orc warrior's attack.
You hit the orc warrior.
The orc warrior is moderately wounded.
You block the orc warrior's attack.
You closely miss the orc warrior.
The orc warrior is moderately wounded.
You hit the orc warrior but do no damage.
The orc warrior is moderately wounded.
The orc warrior hits you but does no damage.
A hobgoblin comes into view. It is wielding a +0 war axe.
You slash the orc warrior!
The orc warrior is heavily wounded.
You block the orc warrior's attack.
You slash the orc warrior!
The orc warrior is almost dead.
The orc warrior is stunned by your conviction and fails to attack.
You slash the orc warrior!
You kill the orc warrior!
A hobgoblin comes into view. It is wielding a +0 hand axe.
Found a grey potion and a scroll labelled SOCOP QOAMOAR.
Found a gate leading back out of this place.
The hobgoblin shouts!
There is an open door, spattered with blood here.
Things that are here:
a +0 war axe; a +0 plate armour; a scroll labelled LIUW NUGIBAEHA A gnoll comes into view.
It is wielding a +0 hand axe.
The gnoll shouts!
You hear a shout! x3
The hobgoblin hits you but does no damage.
You slash the hobgoblin!
You kill the hobgoblin!
There is an open door, spattered with blood here.
Things that are here:
a +0 war axe; a +0 plate armour; a scroll labelled LIUW NUGIBAEHA A hobgoblin comes into view.
It is wielding a +0 hand axe.
The hobgoblin shouts!
You hit the hobgoblin.
You kill the hobgoblin!
An orc warrior and an orc knight come into view.
The orc warrior shouts!
There is an open door, spattered with blood here.
Items here: )) ? [[ †.
You block the gnoll's attack.
You slash the gnoll!
The gnoll is almost dead.
The gnoll hits you but does no damage.
The orc knight begins to attack, but is stunned by your conviction!
There is an open door here.
Items here: )))) [[[[ ÷÷÷.
You hit the gnoll.
You kill the gnoll!
You hit the hobgoblin but do no damage. You block the hobgoblin's attack.
You hit the hobgoblin but do no damage. You hit the hobgoblin.
The hobgoblin is almost dead.
The hobgoblin hits you but does no damage.
You closely miss the hobgoblin.
The hobgoblin is almost dead.
The hobgoblin barely misses you.
You redirect the orc knight's attack!
You hit the hobgoblin but do no damage.
The hobgoblin is almost dead.
The hobgoblin barely misses you.
The orc knight roars a battlecry!
The orc warrior goes into a battle-frenzy!
You hit the hobgoblin.
You kill the hobgoblin!
You barely miss the orc knight. You closely miss the orc knight.
The orc knight barely misses you.
Things that are here:
a +0 hand axe; a +0 leather armour; a gnoll skeleton
Things that are here:
a +0 war axe; a +3 leather armour
There is an open door, spattered with blood here.
Items here: )))))) [[[[[[ ÷÷ †.
You feel very mighty all of a sudden.
The orc knight hits you but does no damage.
You slash the orc knight!
The orc knight is lightly wounded.
The orc warrior no longer looks unusually strong.
The orc knight roars a battlecry!
You cannot evoke magical items.
Okay, then.
You slash the orc knight!
The orc knight is moderately wounded.
You hit the orc knight but do no damage.
The orc knight is moderately wounded.
The orc knight hits you with a +0 broad axe!
You closely miss the orc knight.
The orc knight is moderately wounded.
The orc knight barely misses you.
You hit the orc knight but do no damage.
The orc knight is moderately wounded.
The orc knight hits you with a +0 broad axe!!
* * * LOW HITPOINT WARNING * * *
It was a potion of curing.
You feel better. The orc knight closely misses you.
It was a potion of brilliance.
You feel clever all of a sudden. You block the orc warrior's attack.
You block the orc knight's attack.
It was a potion of flight.
You feel very buoyant.
You fly up into the air.
The orc warrior hits you with a +0 broad axe!!
* * * LOW HITPOINT WARNING * * *
You block the orc knight's attack.
It was a potion of heal wounds.
You feel much better. You block the orc warrior's attack.
The orc knight hits you with a +0 broad axe.
* * * LOW HITPOINT WARNING * * *
There is an open gate here.
Items here: ))) [[[[.
It was a potion of lignification.
You turn into a tree.
Your +0 cloak melds into your body.
The +1 helmet of Ugiulyrch {rC+ Str+2} melds into your body.
Your +1 pair of gloves melds into your body.
Your +0 pair of boots melds into your body.
Your +0 scale mail melds into your body.
Your roots penetrate the ground.
Okay, then.
You hit the orc warrior.
The orc warrior is moderately wounded.
The orc warrior hits you with a +0 broad axe!
* * * LOW HITPOINT WARNING * * *
You block the orc knight's attack.
You miss the orc warrior.
The orc warrior is moderately wounded.
The orc warrior no longer looks unusually strong.
The orc warrior hits you but does no damage.
The orc knight hits you with a +0 broad axe!
* * * LOW HITPOINT WARNING * * *
You closely miss the orc warrior.
The orc warrior is moderately wounded.
The orc warrior hits you with a +0 broad axe.
* * * LOW HITPOINT WARNING * * *
You slash the orc warrior!
The orc warrior is heavily wounded.
The orc knight is stunned by your conviction and fails to attack.
You closely miss the orc warrior.
The orc warrior is heavily wounded.
You block the orc warrior's attack.
The orc knight hits you with a +0 broad axe.
* * * LOW HITPOINT WARNING * * *
You focus your inner power and blind the orc knight in retribution!
You slash the orc warrior!
The orc warrior is severely wounded.
You block the orc warrior's attack.
The orc knight roars a battlecry!
The orc warrior goes into a battle-frenzy!
You barely miss the orc knight.
The orc knight is moderately wounded.
You block the orc warrior's attack. You block the orc knight's attack.
You closely miss the orc warrior.
The orc warrior is severely wounded.
The orc warrior barely misses you.
The orc knight hits you but does no damage.
You closely miss the orc warrior.
The orc warrior is severely wounded.
The orc warrior barely misses you.
You slash the orc warrior!
You kill the orc warrior!
You catch the helpless orc knight completely off-guard!
You slash the orc knight!
The orc knight is heavily wounded.
You catch the helpless orc knight completely off-guard!
You slash the orc knight!
The orc knight is heavily wounded.
You closely miss the orc knight.
The orc knight is heavily wounded.
You block the orc knight's attack.
You slash the orc knight!
The orc knight is severely wounded.
The orc knight is no longer blind.
The orc knight hits you with a +0 broad axe!
* * * LOW HITPOINT WARNING * * *
You hit the orc knight.
The orc knight is severely wounded.
The orc knight hits you with a +0 broad axe.
* * * LOW HITPOINT WARNING * * *
You slice the orc knight!!
You kill the orc knight!
Training target 4.0 for Shields reached!
Your Fighting skill increases to level 5!
Your Armour skill increases to level 4!
Your Shields skill increases to level 4!
You start resting.
Your transformation is almost over.
You start resting.
You feel less wooden.
Your +0 cloak unmelds from your body.
The +1 helmet of Ugiulyrch {rC+ Str+2} unmelds from your body.
Your +1 pair of gloves unmelds from your body.
Your +0 pair of boots unmelds from your body.
Your +0 scale mail unmelds from your body.
You start resting.
You feel a little less mighty now.
You start resting.
You feel a little less clever now.
You close the gate, pushing everything out of the way.
You start resting.
An orc warrior opens the gate.
It is wielding a +0 war axe.
The orc warrior shouts!
An orc warrior comes into view. It is wielding a +0 war axe.
You closely miss the orc warrior. You slash the orc warrior!
The orc warrior is moderately wounded.
The orc warrior hits you with a +0 war axe!
* * * LOW HITPOINT WARNING * * *
You slash the orc warrior!
The orc warrior is severely wounded.
The orc warrior hits you but does no damage.
The orc warrior hits you with a +0 war axe.
* * * LOW HITPOINT WARNING * * *
You focus your inner power and illuminate the orc warrior in retribution!
You slash the orc warrior!
The orc warrior is almost dead.
The orc warrior hits you with a +0 war axe!
* * * LOW HITPOINT WARNING * * *
The orc warrior hits you with a +0 war axe.
* * * LOW HITPOINT WARNING * * *
You focus your inner power and illuminate the orc warrior in retribution!
You barely miss the orc warrior.
The orc warrior is almost dead.
The orc warrior hits you but does no damage.
The orc warrior hits you with a +0 war axe!
* * * LOW HITPOINT WARNING * * *
You focus your inner power and illuminate the orc warrior in retribution!
You barely miss the orc warrior.
The orc warrior is almost dead.
You block the orc warrior's attack.
You hit the orc warrior.
You kill the orc warrior!
The orc warrior is stunned by your conviction and fails to attack.
You barely miss the orc warrior. You block the orc warrior's attack.
You hit the orc warrior.
The orc warrior is lightly wounded.
The orc warrior hits you with a +0 war axe!
* * * LOW HITPOINT WARNING * * *
You slash the orc warrior!
The orc warrior is severely wounded.
The orc warrior hits you with a +0 war axe.
* * * LOW HITPOINT WARNING * * *
You focus your inner power and illuminate the orc warrior in retribution!
You slash the orc warrior!
The orc warrior is almost dead.
The orc warrior hits you with a +0 war axe!
You die...

♣♣♣ ♣♣♣♣.♣♣♣♣♣
♣♣♣........♣♣
♣...........♣
♣.....∩....♣♣
♣...........♣
♣♣....∩....♣♣
♣....)@...♣
♣♣...)o[).♣
♣##'''##♣♣
##..)).## #..))...#
##.......##
#.))).....#
##..)......## #####
#..)..⌠.....#######


You could see an orc warrior (corona).

Vanquished Creatures
  An orc knight (Bailey)
  A troll (D:6)
  A shadow (D:5)
  A water moccasin (D:5)
  6 orc warriors (Bailey)
  2 black bears (D:5)
  A sky beast (D:7)
  An ice beast (D:6)
  2 ogres
  3 phantoms (D:6)
  4 scorpions
  3 killer bees (D:7)
  A jelly (D:5)
  An orc priest (D:5)
  4 iguanas
  3 orc wizards
  A scorpion zombie (D:5)
  2 killer bee zombies
  A howler monkey skeleton (D:5)
  5 adders
  11 gnolls (Bailey)
  2 white imps (D:6)
  4 worms
  25 orcs
  2 bats
  4 endoplasms
  2 giant cockroaches
  22 hobgoblins
  13 jackals
  9 kobolds
  3 quokkas
  8 ball pythons
  3 frilled lizards
  25 goblins
  7 rats
184 creatures vanquished.

Vanquished Creatures (others)
  An orc (Bailey)
1 creature vanquished.

Grand Total: 185 creatures vanquished

Notes
Turn   | Place    | Note
-------+----------+-------------------------------------------
     0 | D:1      | sleeves the Demonspawn Fighter began the quest for the Orb.
     0 | D:1      | Reached XP level 1. HP: 18/18 MP: 1/1
    43 | D:1      | Reached skill level 2 in Long Blades
   166 | D:1      | Gained mutation: A meltable shield of frost defends you.
                  | (SH +4) [demonic ancestry]
   166 | D:1      | Reached XP level 2. HP: 20/24 MP: 2/2
   426 | D:1      | Found a faded altar of an unknown god.
   493 | D:1      | Reached skill level 3 in Long Blades
   784 | D:1      | Became a worshipper of Ru the Awakened
   802 | D:2      | Gained mutation: You cannot study or use magical devices.
                  | [Ru sacrifice]
   802 | D:2      | Reached * piety under Ru
   802 | D:2      | Reached ** piety under Ru
   861 | D:2      | Reached XP level 3. HP: 25/29 MP: 3/3
  1209 | D:2      | HP: 14/29 [kobold (3)]
  1215 | D:2      | HP: 8/29 [worm (6)]
  1661 | D:3      | Reached XP level 4. HP: 35/35 MP: 4/4
  1682 | D:3      | Found a sacrificial altar of Ru.
  1700 | D:3      | Reached skill level 4 in Long Blades
  1809 | D:3      | Found Itiz's Jewellery Emporium.
  2020 | D:3      | Found Wionaa Gubry's Jewellery Boutique.
  2027 | D:3      | Found Ethycare's Armour Shoppe.
  2027 | D:3      | Found Causid's General Store.
  2274 | D:3      | Noticed Sigmund
  2669 | D:4      | Noticed a scorpion
  2692 | D:4      | Killed a scorpion
  2693 | D:4      | Reached XP level 5. HP: 31/41 MP: 5/5
  2813 | D:4      | Reached skill level 5 in Long Blades
  2854 | D:4      | HP: 19/41 [kobold (4)]
  2868 | D:4      | HP: 19/41 [quokka (2)]
  3425 | D:4      | Found an ancient bone altar of Kikubaaqudgha.
  3426 | D:4      | Found a hide-covered altar of Uskayaw.
  3426 | D:4      | Found a shimmering altar of Xom.
  3428 | D:4      | Found a burning altar of Makhleb.
  3475 | D:4      | Found a sparkling altar of Nemelex Xobeh.
  3498 | D:5      | Entered Level 5 of the Dungeon
  3512 | D:4      | Gained mutation: Your touch may inflict minor irresistible
                  | damage on your foes. [demonic ancestry]
  3512 | D:4      | Reached XP level 6. HP: 33/47 MP: 6/6
  3610 | D:5      | Gained mutation: You cannot study or cast Ice magic. [Ru
                  | sacrifice]
  3610 | D:5      | Gained mutation: You cannot study or cast Hexes magic. [Ru
                  | sacrifice]
  3610 | D:5      | Gained mutation: You cannot study or cast Conjurations
                  | magic. [Ru sacrifice]
  3610 | D:5      | Reached *** piety under Ru
  3681 | D:5      | Noticed a shadow
  3831 | D:4      | Reached skill level 6 in Long Blades
  4073 | D:5      | Killed a shadow
  4200 | D:5      | Reached skill level 7 in Long Blades
  4200 | D:5      | Reached XP level 7. HP: 39/52 MP: 7/7
  4668 | D:5      | Reached skill level 8 in Long Blades
  4811 | D:5      | Identified the +1 helmet of Ugiulyrch {rC+ Str+2}
  4977 | D:5      | Found a runed translucent gate.
  4977 | D:5      | Found a runed translucent gate.
  4977 | D:5      | Found a runed translucent gate.
  4983 | D:5      | Noticed SirDiesAlot's ghost (weakling MiDe)
  5048 | D:5      | HP: 19/52 [black bear (9)]
  5052 | D:5      | Gained mutation: A meltable icy envelope protects you from
                  | harm. (AC +4) [demonic ancestry]
  5052 | D:5      | Reached XP level 8. HP: 14/58 MP: 8/8
  5507 | D:6      | Reached skill level 9 in Long Blades
  5910 | D:6      | Noticed a troll
  5922 | D:6      | Killed a troll
  5923 | D:6      | Reached skill level 10 in Long Blades
  6438 | D:6      | Found a staircase to the Ecumenical Temple.
  6899 | D:7      | Reached skill level 3 in Armour
  6899 | D:7      | Reached skill level 3 in Shields
  7063 | D:7      | Found a flagged portal.
  7171 | Bailey   | Entered a bailey
  7206 | Bailey   | Gained mutation: You are hated by all. [Ru sacrifice]
  7206 | Bailey   | Reached **** piety under Ru
  7254 | Bailey   | Reached XP level 9. HP: 41/65 MP: 9/9
  7254 | Bailey   | HP: 32/65 [orc (5)]
  7264 | Bailey   | HP: 27/65 [hobgoblin (7)]
  7273 | Bailey   | HP: 16/65 [hobgoblin (5)]
  7968 | Bailey   | Reached skill level 4 in Fighting
  7999 | Bailey   | Noticed an orc knight
  8041 | Bailey   | HP: 32/65 [orc knight (20)]
  8045 | Bailey   | HP: 14/65 [orc warrior (26)]
  8053 | Bailey   | HP: 38/97 [orc warrior (7)]
  8057 | Bailey   | HP: 17/97 [orc knight (4)]
  8066 | Bailey   | HP: 11/97 [orc knight (8)]
  8068 | Bailey   | Killed an orc knight
  8069 | Bailey   | Reached skill level 5 in Fighting
  8069 | Bailey   | Reached skill level 4 in Armour
  8069 | Bailey   | Reached skill level 4 in Shields
  8233 | Bailey   | HP: 32/68 [orc warrior (8)]
  8236 | Bailey   | HP: 10/68 [orc warrior (9)]
  8240 | Bailey   | HP: 4/68 [orc warrior (7)]
  8241 | Bailey   | HP: 1/68 [orc warrior (3)]
  8242 | Bailey   | Mangled by an orc warrior

Illustrated notes

Levels and vault maps discovered:
D:1:      amcnicky_arrival_double_pillar, layout_basic,
          dreamdust_ecumenical_altar_sealed_demon, minmay_misc_feat_tiny
D:2:      layout_loops_cross
D:3:      layout_basic, nicolae_ru_sacrificial_ziggurat, serial_shops, shop,
          nicolae_square_shop, nicolae_square_shop, nicolae_shop_behind_doors,
          nicolae_shop_trees, serial_bayou_lagoon_a, uniq_sigmund
D:4:      layout_rooms, minitemple
D:5:      layout_rooms, ebering_ghost_rock_garden
D:6:      layout_cave_pods, minmay_temple_entry_nine_rooms, serial_rivers,
          chequers_serial_rivers_small_b, chequers_serial_rivers_small_b,
          chequers_serial_rivers_room_b, chequers_serial_rivers_micro_c,
          chequers_serial_rivers_large_a
D:7:      layout_loops_corners, enter_bailey_5
Bailey:   bailey_axe_minmay_hex_keep, bailey

Skill      XL: |  1  2  3  4  5  6  7  8  9 |
---------------+----------------------------+-----
Long Blades    | 2 3 4 5 7 8 10 | 10.9
Armour         | 3 4 |  4.4
Shields        | 3 4 |  4.0
Fighting       | 5 |  5.3

Action                   |  1- 3 |  4- 6 |  7- 9 || total
-------------------------+-------+-------+-------++-------
Melee: Long sword        |   126 |   222 |   477 ||   825
Invok: Sacrifice Artific |     1 |       |       ||     1
       Sacrifice Arcana  |       |     1 |       ||     1
       Sacrifice Love    |       |       |     1 ||     1
  Use: Potion            |       |       |     6 ||     6
 Stab: Invisible         |     1 |       |     5 ||     6
       Distracted        |       |       |     1 ||     1
Armor: Scale mail        |    38 |    86 |   158 ||   282
       Skin              |       |       |     2 ||     2
Dodge: Dodged            |    56 |   118 |   131 ||   305
Block: Buckler           |    50 |   116 |   199 ||   365

Table legend: (Time is in decaauts)
 A = Elapsed time spent in this place.
 B = Non-inter-level travel time spent in this place.
 C = Inter-level travel time spent in this place.
 D = Time resting spent in this place.
 E = Time spent auto-exploring this place.
 F = Levels seen in this place.
 G = Mean time per level.
                   A        B        C        D        E       F      G
               +--------+--------+--------+--------+--------+-----+--------+
         Total |   8311 |   8062 |    249 |    775 |   5636 |   8 | 1038.9 |
       Dungeon |   7266 |   7017 |    249 |    392 |   5384 |   7 | 1038.0 |
        Bailey |   1044 |   1044 |      0 |    383 |    252 |   1 | 1044.0 |
               +--------+--------+--------+--------+--------+-----+--------+

Top non-repeatable levels by time:
     D:5: 1573 daAuts
     D:4: 1462 daAuts
     D:6: 1280 daAuts
  Bailey: 1044 daAuts
     D:2: 893 daAuts
     D:1: 824 daAuts
     D:3: 771 daAuts
     D:7: 461 daAuts
